Map: Rorschach LE

Players

Indy

  • Race: Protoss Protoss
  • Spawn Location: 5:00

A.I. 1 (Very Easy) - Winner!

  • Race: Zerg Zerg
  • Spawn Location: 7:00

VOD

Have the link to the VOD?

Description

Time

  • Played on: July 24, 2026, 5:15 a.m.
  • Length: 13:36
Show
View Real Time Build Order
Export as new Build Order

Indy Protoss 

Build Orders: Carriers 

Get SALT Encoding   

  8  0:00  Probe (Chrono Boost)  
  9  0:12  Probe (Chrono Boost)  
  10  0:19  Probe (Chrono Boost)  
  11  0:26  Probe  
  12  0:33  Pylon  
  12  0:39  Probe  
  13  0:51  Probe  
  14  0:57  Gateway  
  14  1:03  Probe (Chrono Boost)  
  15  1:06  Assimilator  
  15  1:13  Probe (Chrono Boost)  
  15  1:18  Probe (Chrono Boost)  
  17  1:30  Probe  
  18  1:42  Probe  
  19  1:50  Nexus  
  19  1:59  Cybernetics Core  
  19  2:07  Pylon  
  19  2:09  Probe  
  19  2:15  Assimilator  
  20  2:21  Probe  
  21  2:32  Adept (Chrono Boost)  
  21  2:33  Probe  
  24  2:45  Probe  
  24  2:49  Stargate  
  25  2:58  Adept  
  26  3:00  Probe (Chrono Boost)  
  26  3:03  Probe (Chrono Boost)  
  31  3:13  Probe (Chrono Boost)  
  31  3:14  Probe (Chrono Boost)  
  31  3:17  Probe (Chrono Boost)  
  32  3:22  Probe  
  32  3:24  Pylon  
  33  3:29  Probe  
  33  3:30  Void Ray (Chrono Boost)  
  33  3:34  Probe  
  39  3:41  Probe  
  39  3:46  Probe  
  41  3:53  Probe  
  42  3:58  Nexus  
  42  4:00  Probe  
  43  4:05  Probe (Chrono Boost)  
  43  4:07  Pylon  
  44  4:10  Oracle  
  44  4:13  Probe (Chrono Boost)  
  49  4:17  Probe (Chrono Boost)  
  49  4:19  Assimilator  
  49  4:22  Assimilator  
  49  4:24  Probe (Chrono Boost)  
  50  4:25  Probe (Chrono Boost)  
  50  4:28  Probe (Chrono Boost)  
  52  4:32  Pylon, Probe  
  53  4:39  Probe  
  53  4:42  Stargate  
  53  4:44  Probe  
  55  4:49  Forge  
  55  4:51  Probe  
  56  4:55  Void Ray  
  56  4:56  Probe  
  61  5:03  Probe  
  62  5:09  Probe (Chrono Boost)  
  62  5:11  Probe (Chrono Boost)  
  62  5:12  Fleet Beacon  
  64  5:19  Probe (Chrono Boost)  
  66  5:23  Stargate, Probe x2 (Chrono Boost)  
  68  5:28  Assimilator  
  68  5:29  Probe (Chrono Boost)  
  68  5:32  Probe x2 (Chrono Boost), Assimilator  
  68  5:35  Probe (Chrono Boost)  
  71  5:36  Probe (Chrono Boost)  
  71  5:38  Probe (Chrono Boost)  
  71  5:40  Pylon  
  71  5:42  Probe, Photon Cannon  
  73  5:46  Probe  
  75  5:50  Probe  
  75  5:54  Probe  
  77  5:57  Pylon  
  77  5:59  Pylon  
  77  6:00  Probe  
  78  6:05  Void Ray x2 (Chrono Boost)  
  86  6:12  Void Ray (Chrono Boost)  
  86  6:14  Probe  
  86  6:15  Probe x2  
  93  6:19  Pylon  
  93  6:27  Pylon  
  93  6:28  Pylon  
  93  6:34  Flux Vanes  
  93  6:44  Void Ray (Chrono Boost)  
  93  6:46  Void Ray (Chrono Boost)  
  101  6:48  Void Ray (Chrono Boost)  
  105  6:54  Pylon  
  105  6:55  Probe  
  105  6:56  Pylon  
  105  6:59  Shield Battery  
  106  7:03  Photon Cannon  
  106  7:06  Nexus  
  106  7:23  Probe x3  
  106  7:26  Void Ray (Chrono Boost), Pylon  
  106  7:27  Void Ray (Chrono Boost)  
  106  7:29  Gateway  
  121  7:30  Void Ray (Chrono Boost)  
  121  7:35  Probe x3  
  124  7:43  Pylon  
  124  7:44  Pylon  
  124  7:47  Probe x2  
  134  7:55  Mothership (Chrono Boost)  
  134  8:00  Probe x2  
  134  8:02  Protoss Air Weapons Level 1 (Chrono Boost)  
  136  8:09  Photon Cannon  
  136  8:10  Shield Battery  
  136  8:11  Assimilator  
  136  8:12  Probe x2, Photon Cannon  
  138  8:13  Assimilator  
  138  8:22  Carrier x2 (Chrono Boost)  
  138  8:25  Carrier (Chrono Boost)  
  152  8:28  Probe x2 (Chrono Boost)  
  158  8:36  Photon Cannon  
  158  8:44  Pylon  
  158  8:50  Gateway x2  
  158  8:51  Twilight Council  
  158  8:56  Stargate  
  158  8:59  Stargate, Cybernetics Core  
  158  9:16  Carrier (Chrono Boost)  
  158  9:17  Carrier (Chrono Boost)  
  158  9:19  Carrier (Chrono Boost)  
  176  9:27  Photon Cannon  
  176  9:31  Warp Gate (Chrono Boost), Pylon x2  
  176  9:32  Photon Cannon  
  176  9:33  Shield Battery  
  176  9:34  Charge  
  176  9:37  Templar Archives  
  176  9:49  Gateway  
  182  9:52  Carrier  
  182  9:53  Gateway  
  182  9:56  Carrier  
  188  10:01  Photon Cannon  
  188  10:02  Photon Cannon  
  188  10:04  Photon Cannon  
  188  10:06  Shield Battery  
  188  10:07  Photon Cannon  
  188  10:13  Psionic Storm  
  188  10:19  Protoss Air Weapons Level 2 (Chrono Boost)  
  188  10:37  High Templar (Chrono Boost)  
  192  10:55  Void Ray x2  
  200  11:05  Protoss Air Armor Level 1 (Chrono Boost)  
  200  11:06  Protoss Shields Level 1 (Chrono Boost)  
  200  11:07  High Templar  
  200  11:18  Pylon  
  200  11:20  Nexus  
  200  11:23  Pylon  
  200  11:25  Assimilator  
  200  11:29  Assimilator  
  200  11:38  Robotics Facility  
  200  11:43  Gateway  
  200  11:44  Gateway  
  198  11:49  Gateway  
  198  11:50  Gateway  
  198  11:54  High Templar  
  198  11:55  Gateway  
  198  12:00  Gateway  
  200  12:03  Photon Cannon, Gateway  
  200  12:04  Photon Cannon  
  200  12:06  Photon Cannon  
  200  12:07  Photon Cannon  
  200  12:08  Gateway  
  200  12:09  Photon Cannon  
  200  12:11  Photon Cannon  
  200  12:13  Shield Battery x2  
  200  12:17  Shield Battery  
  200  12:21  Shield Battery  
  200  12:47  Warp Prism (Chrono Boost)  
Show
View Real Time Build Order
Export as new Build Order

A.I. 1 (Very Easy) Zerg - Winner!

Build Orders: Hatch First 

Get SALT Encoding   

  8  0:00  Drone  
  9  0:10  Drone  
  10  0:18  Drone  
  11  0:25  Drone  
  12  0:33  Overlord  
  12  0:51  Drone  
  13  0:58  Drone  
  14  1:09  Hatchery  
  13  1:14  Drone  
  14  1:32  Spawning Pool  
  13  1:34  Drone  
  13  1:37  Extractor  
  13  1:41  Drone  
  14  1:48  Overlord  
  14  2:19  Zergling x2  
  14  2:21  Queen  
  14  2:22  Zergling x2  
  18  2:31  Roach Warren  
  18  2:34  Drone  
  18  2:39  Extractor  
  18  2:41  Drone  
  18  2:46  Zergling x2  
  19  2:51  Drone  
  20  3:03  Drone  
  21  3:10  Drone  
  22  3:17  Drone  
  23  3:24  Drone  
  23  3:30  Overlord  
  23  3:31  Drone  
  23  3:33  Roach  
  26  3:38  Drone  
  27  3:45  Drone  
  28  3:53  Drone  
  29  4:00  Drone  
  30  4:06  Overlord  
  30  4:10  Drone  
  31  4:17  Drone  
  31  4:19  Roach  
  31  4:23  Lair  
  34  4:24  Drone  
  35  4:34  Drone  
  36  4:41  Drone  
  37  4:46  Overlord  
  37  4:48  Drone  
  38  4:55  Drone  
  39  5:02  Drone  
  39  5:06  Roach  
  42  5:10  Drone  
  43  5:17  Drone  
  43  5:20  Overseer  
  44  5:21  Overseer  
  44  5:24  Drone  
  45  5:30  Extractor  
  45  5:31  Drone  
  45  5:37  Extractor  
  45  5:39  Drone  
  45  5:46  Drone  
  46  5:52  Roach  
  46  5:53  Drone  
  46  5:55  Overlord  
  49  6:00  Drone  
  50  6:07  Drone  
  51  6:15  Drone  
  52  6:56  Overseer, Overlord  
  52  7:54  Zergling x2  
  52  7:56  Overlord  
  53  8:08  Hatchery  
  52  8:14  Overlord, Drone  
  53  8:23  Roach  
  55  8:52  Zergling x2  
  56  10:12  Pneumatized Carapace, Lair  
  55  10:45  Zergling x2  
  43  11:08  Roach  
  43  11:09  Overseer  
  43  11:11  Overseer  
  45  11:12  Infestation Pit  
  45  11:13  Drone  
  45  11:30  Roach  
  46  11:52  Infestor  
  48  12:14  Infestor  
  50  12:25  Overlord  
  47  12:30  Overlord  
  44  12:44  Infestor  
  44  12:45  Overseer  
  44  12:48  Drone  
  47  12:55  Drone  
  47  12:58  Overlord  
  48  13:03  Drone, Hatchery  
  48  13:07  Zergling x2  
  48  13:10  Drone  
Tags
 
Composition
Carriers
Matchup
PvZ
Player
Indy
Spawn Locations
Close Positions
Add a new tag
Caveats
  • Supply blocks, unpowered buildings, or Contaminate may cause inaccurate times.
  • Supply counts are checked every 10 seconds.